 Dungeon Crawl Stone Soup version 0.27.1-35-g4d5d836560 (webtiles) character file.

Game seed: 1073359797866166823

72 cbfl8 the Sneak (level 4, -7/40 HPs)
             Began as a Minotaur Delver on Mar 18, 2022.
             Mangled by a killer bee (8 damage)
             ... on level 6 of the Dungeon.
             The game lasted 00:02:00 (484 turns).

cbfl8 the Sneak (Minotaur Delver)                    Turns: 484, Time: 00:02:01

Health: -7/40      AC:  4    Str: 17    XL:     4   Next: 7%
Magic:  3/3        EV: 12    Int:  7    God:
Gold:   34         SH:  0    Dex: 12    Spells: 3/3 levels left

rFire    . . .     SeeInvis .   k - +0 war axe
rCold    . . .     Faith    .   (no shield)
rNeg     . . .     Spirit   .   d - +1 leather armour "Uxihagae" {-Tele +Inv rPois Regen+}
rPois    +         Reflect  .   (helmet restricted)
rElec    .         Harm     .   (no cloak)
rCorr    .         Rampage  .   (no gloves)
Will     .....     NoTele   +   (no boots)
Stlth    +++.......             (no amulet)
HPRegen  1.13/turn              (no ring)
MPRegen  0.08/turn              (no ring)

@: lethally poisoned (-7 -> -8)
A: horns 2, retaliatory headbutt
a: Evoke Invisibility


You were on level 6 of the Dungeon.
You visited 1 branch of the dungeon, and saw 2 of its levels.

You collected 34 gold pieces.

Inventory:

Hand Weapons
 a - a +0 hand axe
 k - a +0 war axe (weapon)
Armour
 b - a +0 leather armour
 d - the +1 leather armour "Uxihagae" (worn) {-Tele +Inv rPois Regen+}
   (You found it on level 6 of the Dungeon)

   rPois:     It protects you from poison.
   +Inv:      It lets you turn invisible.
   -Tele:     It prevents most forms of teleportation.
   Regen:     It increases your rate of health regeneration.
Wands
 g - a wand of digging (3)
Scrolls
 c - a scroll of fog
 e - a scroll of fear
 h - a scroll of holy word {unknown}
 i - a scroll of identify {unknown}
 j - a scroll of teleportation {unknown}
Potions
 f - a potion of haste


   Skills:
 + Level 4.1 Fighting
 + Level 2.7 Axes
 + Level 0.5 Armour
 + Level 2.3 Dodging
 + Level 5.1 Stealth


You had 3 spell levels left.
You didn't know any spells.
Your spell library was empty.

Dungeon Overview and Level Annotations

Branches:
Dungeon (6/15)
 Temple: D:4-7

Altars:


Innate Abilities, Weirdness & Mutations

You have a pair of horns on your head.
You reflexively headbutt those who attack you in melee.


Message History

The killer bee buzzes angrily.
Found 44 gold pieces.
There is a stone staircase leading down here.
The killer bee buzzes angrily. x2
The killer bee barely misses you.
You climb downwards.
There is a stone staircase leading up here.
You hit the killer bee.
The killer bee is lightly wounded.
You miss the killer bee. The killer bee barely misses you.
The killer bee stings you. The killer bee misses you.
The killer bee stings you.
The killer bee stings you but does no damage.
The killer bee closely misses you. You furiously retaliate!
You headbutt the killer bee. You miss the killer bee.
Your headbutt misses the killer bee.
The killer bee is lightly wounded.
You closely miss the killer bee. The killer bee barely misses you.
You furiously retaliate!
You headbutt the killer bee, but do no damage.
The killer bee stings you. x2; The killer bee stings you!
You hit the killer bee. Your headbutt misses the killer bee.
The killer bee is moderately wounded.
You miss the killer bee. The killer bee stings you.
You are poisoned.
The killer bee poisons you! The killer bee stings you.
* * * LOW HITPOINT WARNING * * *
The killer bee stings you.
* * * LOW HITPOINT WARNING * * *
The killer bee closely misses you. x2; You furiously retaliate!
You headbutt the killer bee! The killer bee stings you.
* * * LOW HITPOINT WARNING * * *
You miss the killer bee.
The killer bee is lightly wounded.
You hit the killer bee.
You kill the killer bee!
You feel sick. The killer bee closely misses you. The killer bee stings you!
* * * LOW HITPOINT WARNING * * *
The killer bee stings you!
You die...

####.# #..# #.....#
.....# #..###.....#
###..# #..........# #
#..# ####.###.....#
###..# #....# ##...##
.....## ##.#### ##.##
###... ##...##### #.# #
#.### ####(####........#
#.. ##.....
......y@†......#.......
....##
#..#.####...............
.....# # ##...##.### ..
##...# .# ##.## .#
##...## ..# #... .
#.....# ##..#. ##### #
#.....##......
#.............
....#.#..#..##


You could see a killer bee.

Vanquished Creatures
  A killer bee (D:6)
  A howler monkey (D:6)
  A hound zombie (D:5)
  A howler monkey skeleton (D:6)
  An adder (D:6)
5 creatures vanquished.

Notes
Turn   | Place    | Note
-------+----------+-------------------------------------------
     0 | D:5      | cbfl8 the Minotaur Delver began the quest for the Orb.
     0 | D:5      | Reached XP level 1. HP: 19/19 MP: 0/0
    18 | D:5      | Reached XP level 2. HP: 20/27 MP: 1/1
   123 | D:6      | Identified the +1 leather armour "Uxihagae" {-Tele +Inv
                  | rPois Regen+}
   167 | D:6      | Noticed a howler monkey
   181 | D:6      | Killed a howler monkey
   182 | D:6      | Reached XP level 3. HP: 28/33 MP: 2/2
   320 | D:6      | Reached skill level 5 in Stealth
   328 | D:5      | Noticed a centaur
   410 | D:6      | Noticed a bullfrog
   447 | D:6      | Reached XP level 4. HP: 40/40 MP: 3/3
   484 | D:6      | HP: 1/40 [killer bee (8)]
   484 | D:6      | Mangled by a killer bee

Illustrated notes

Levels and vault maps discovered:
D:5:      wad_river_or_something, layout_cave_pools, nzn_wu_jian_council_hall
D:6:      layout_loops_ring, minmay_temple_entry_nine_rooms

Skill      XL: |  1  2  3 |
---------------+----------+-----
Fighting       | 4 |  4.1
Stealth        | 5 |  5.1
Axes           | |  2.7
Armour         | |  0.5
Dodging        | |  2.3

Action                   |  1- 3 |  4- 6 || total
-------------------------+-------+-------++-------
Melee: Hand axe          |    18 |       ||    18
       Headbutt          |     4 |       ||     4
       War axe           |     2 |     4 ||     6
  Use: Scroll            |     1 |       ||     1
Armor: Leather armour    |     2 |     1 ||     3
Dodge: Dodged            |    15 |     9 ||    24
